 Dungeon Crawl Stone Soup version 0.30-b1-2-g02819fbbbe (webtiles) character file.

Game seed: 311521176611814385

55 Dirian the Chopper (level 3, -5/20 (30) HPs)
             Began as a Minotaur Reaver on May 14, 2023.
             Slain by Grinder (6 damage)
             ... on level 3 of the Dungeon.
             The game lasted 00:01:59 (1850 turns).

Dirian the Chopper (Minotaur Reaver)                Turns: 1850, Time: 00:01:59

HP:   -5/20 (30)    AC:  3    Str: 18    XL:     3   Next: 67%
MP:   1/4           EV: 11    Int: 10    God:
Gold: 96            SH:  0    Dex:  8    Spells: 3/4 levels left

rFire   . . .        a - +0 hand axe
rCold   . . .        (no shield)
rNeg    . . .        b - +0 leather armour
rPois   .            (helmet restricted)
rElec   .            (no cloak)
rCorr   .            (no gloves)
SInv    .            (no boots)
Will    .....        (no amulet)
Stlth   +            (no ring)
HPRegen 0.23/turn    (no ring)
MPRegen 0.09/turn

%: no passive effects
@: very heavily drained
A: horns 2, retaliatory headbutt
a: no special abilities


You were on level 3 of the Dungeon.
You visited 1 branch of the dungeon, and saw 3 of its levels.

You collected 96 gold pieces.

Inventory:

Hand Weapons
 a - a +0 hand axe (weapon)
Armour
 b - a +0 leather armour (worn)
Scrolls
 c - 2 scrolls of teleportation {unknown}
 d - a scroll of fear {unknown}
 f - 2 scrolls of fog {unknown}
 i - 2 scrolls of identify {unknown}
 j - a scroll of immolation {unknown}
 l - a scroll of enchant armour {unknown}
 m - a scroll of vulnerability {unknown}
 n - a scroll of magic mapping {unknown}
Potions
 e - 4 potions of curing {unknown}
 g - 2 potions of heal wounds {unknown}
 h - a potion of haste {unknown}
 k - a potion of mutation {unknown}
 o - a potion of berserk rage {unknown}


   Skills:
 + Level 2.7 Fighting
 + Level 5.0 Axes
 * Level 2.1 Armour
 - Level 2.1 Dodging
 - Level 1.3 Spellcasting
 - Level 2.1 Conjurations


You had 3 spell levels left.
You knew the following spells:

 Your Spells              Type           Power      Damage    Failure   Level
a - Kiss of Death         Conj/Necr      8%         2d6       26%         1

Your spell library contained the following spells:

 Spells                   Type           Power      Damage    Failure   Level
 Momentum Strike          Conj/Tloc      4%         3d8       36%         2
 Hailstorm                Conj/Ice       2%         3d3       58%         3


Dungeon Overview and Level Annotations

Branches:
Dungeon (3/15) Zot: 16114

Altars:

Annotations:
D:3 Grinder


Innate Abilities, Weirdness & Mutations

You have a pair of horns on your head.
You reflexively headbutt those who attack you in melee.


Message History

Grinder gestures at you.
You suddenly lose the ability to move!
The frilled lizard barely misses you. Grinder hits you.
You writhe in agony.
The frilled lizard unfolds its giant frill.
The frilled lizard barely misses you.
You can move again.
You hit Grinder.
Grinder is lightly wounded.
You miss the frilled lizard. Grinder hits you but does no damage.
The frilled lizard misses you. You furiously retaliate!
You headbutt the frilled lizard.
You kill the frilled lizard!
You barely miss Grinder. You headbutt Grinder.
Grinder is moderately wounded.
Grinder blinks!
Grinder hits you!
* * * LOW HITPOINT WARNING * * *
You writhe in agony.
* * * LOW HITPOINT WARNING * * *
Your magical contamination has completely faded away.
Casting: Kiss of Death (safe; 26% risk of failure)
Confirm with . or Enter, or press ? or * to list all spells.
You can't see any susceptible monsters within range! (Use Z to cast anyway.) Unknown command.
Casting: Kiss of Death (safe; 26% risk of failure)
Confirm with . or Enter, or press ? or * to list all spells.
You don't know that spell.
Unknown command.
Unknown command.
Casting: Kiss of Death (safe; 26% risk of failure)
Confirm with . or Enter, or press ? or * to list all spells.
Aiming: Kiss of Death (safe; 26% risk of failure)
Press: ? - help, Shift-Dir - straight line, f/p - Grinder
Aim: Grinder (lightly wounded, 100% to hit)
The negative energy hits Grinder.
Grinder completely resists.
Grinder is lightly wounded.
You feel drained.
Grinder says, "DUCK!"
Grinder hits you.
You die...

#.# #~##~###~~~# #.#
#~~####~~#~# ........# #.#
#~~# ##~~#~# ........#
#.### #~~# #~~####
........# #.#<####~# #~~#
..$.....# #.#....#~# #~~#
........# #.#..#.#~####~#
........# #.#..#......#~##
........####@#..########~~#
#.....5.#..# #~~###
#..######..# ##~~#.
#.......#..# .. #~~~.
#...###.#..#... ##~..
#.......#..... .. #~.#
#.#<.........# #. ##.#
#...........####.## #..#
#####....##.......###...


You could see Grinder.

Vanquished Creatures
  A gnoll (D:1)
  3 dart slugs
  6 bats
  4 endoplasms (D:1)
  2 giant cockroaches
  A goblin (D:1)
  7 hobgoblins
  3 ball pythons (D:2)
  5 frilled lizards
  4 kobolds
  2 rats
38 creatures vanquished.

Notes
Turn   | Place    | Note
-------+----------+-------------------------------------------
     0 | D:1      | Dirian the Minotaur Reaver began the quest for the Orb.
     0 | D:1      | Reached XP level 1. HP: 18/18 MP: 1/1
   177 | D:1      | Reached skill level 4 in Axes
   262 | D:1      | Reached skill level 1 in Armour
   262 | D:1      | Reached XP level 2. HP: 25/25 MP: 3/3
   796 | D:1      | Reached XP level 3. HP: 28/30 MP: 4/4
  1372 | D:2      | Found a faded altar of an unknown god.
  1831 | D:3      | Noticed Grinder
  1836 | D:3      | Reached skill level 5 in Axes
  1838 | D:3      | Paralysed by Grinder for 2 turns
  1849 | D:3      | HP: 1/25 [Grinder (1)]
  1850 | D:3      | Slain by Grinder

Illustrated notes

Levels and vault maps discovered:
D:1:      dpeg_arrival_simpleton_c, layout_basic
D:2:      layout_basic, shapermc_ecumenical_altar_mp_vishouse,
          minmay_close_crescents
D:3:      layout_basic, nicolae_overflow_ecumenical_swirl,
          nicolae_tso_carved_into_rock, chequers_serial_rivers_large_b,
          hangedman_decor_peaks_small, uniq_grinder, uniq_robin

Skill      XL: |  1  2  3 |
---------------+----------+-----
Axes           | 4 5 |  5.0
Armour         | 1 2 |  2.1
Fighting       | |  2.7
Dodging        | |  2.1
Spellcasting   | |  1.3
Conjurations   | |  2.1

Action                     || total
---------------------------++-------
  Melee: Hand axe          ||    89
         Headbutt          ||    11
   Cast: Kiss of Death     ||     2
 Armour: Leather armour    ||    23
  Dodge: Dodged            ||    51
